 Dungeon Crawl Stone Soup version 0.21-a0-582-g1b93aee (webtiles) character file.

53 vineage the Skirmisher (level 3, -3/61 HPs)
             Began as an Ogre Berserker on Dec 19, 2017.
             Was a Believer of Trog.
             Slain by Sigmund
             ... wielding a +0 scythe of freezing
              (9 damage)
             ... on level 2 of the Dungeon.
             The game lasted 00:01:59 (1027 turns).

vineage the Skirmisher (Ogre Berserker)             Turns: 1027, Time: 00:01:59

Health: -3/61      AC:  3    Str: 27    XL:     3   Next: 87%
Magic:  3/3        EV:  5    Int:  8    God:    Trog [**....]
Gold:   70         SH: 13    Dex:  8    Spells: 2/2 levels left

rFire    . . .     SeeInvis .   a - +1 hand axe
rCold    . . .     Gourm    .   m - +1 large shield
rNeg     . . .     Faith    .   b - +0 animal skin
rPois    .         Spirit   .   (helmet restricted)
rElec    .         Reflect  .   (no cloak)
rCorr    .         Harm     .   (gloves unavailable)
MR       ++...                  (boots unavailable)
Stlth    ..........             (no amulet)
HPRegen  1.20/turn              d - ring of loudness (curse)
MPRegen  0.08/turn              (no ring)

@: berserking, regenerating, very quick
A: large, unfitting armour, tough skin 1
a: Berserk, Trog's Hand, Burn Spellbooks, Renounce Religion


You were on level 2 of the Dungeon.
You worshipped Trog.
Trog was pleased with you.
You were near starving.

You visited 1 branch of the dungeon, and saw 2 of its levels.

You collected 70 gold pieces.

Inventory:

Hand Weapons
 a - a +1 hand axe (weapon)
Armour
 b - a +0 animal skin (worn)
 m - a +1 large shield (worn)
Jewellery
 d - a cursed ring of loudness (left hand)
 f - a cursed amulet of inaccuracy {unknown}
 g - an uncursed amulet of faith {unknown}
 k - a cursed ring of teleportation {unknown}
Wands
 o - a wand of clouds (5)
Scrolls
 e - a scroll of enchant weapon
 n - a scroll of remove curse {unknown}
 p - a scroll of fear {unknown}
Potions
 h - a potion of ambrosia {unknown}
 i - 2 potions of curing {unknown}
 j - a potion of magic {unknown}
 l - a potion of brilliance {unknown}
Comestibles
 c - 2 rations


   Skills:
 + Level 4.8 Fighting
 * Level 4.2 Axes
 - Level 2.6 Dodging


You had 2 spell levels left.
You didn't know any spells.

Dungeon Overview and Level Annotations

Branches:
Dungeon (2/15)

Altars:

Annotations:
D:2 Sigmund


Innate Abilities, Weirdness & Mutations

You are too large for most types of armour.
You have tough skin. (AC +1)


Message History

You kill the rat!
Trog accepts your kill.
You hit the kobold. Something hits you. Something freezes you.
* * * LOW HITPOINT WARNING * * *
You block the kobold's attack. The kobold hits you with a short sword.
* * * LOW HITPOINT WARNING * * *
Your skin crawls.
You feel resistant to hostile enchantments.
You feel somewhat more hungry. Something hits you.
* * * LOW HITPOINT WARNING * * *
Something freezes you.
* * * LOW HITPOINT WARNING * * *
You block the kobold's attack.
A rat comes into view.
Okay, then.
A red film seems to cover your vision as you go berserk!
You feel yourself moving faster!
You feel mighty!
You are near starving!
Something hits you!
You die...

##############
#............### #####
#....(.#.......# #....
#......#.###.#†###.##. .
#......#.....#.(...##.
...#......#(#.####.......
..r...{...(.#..(.........
........@................
$##....K....#####...####.
#.........# ##.## #.
#......#### #.# ##
......### #.# # #.#$... #
# #.... # #.... # ######
#


You could see a kobold and a rat.

Vanquished Creatures
  An adder (D:2)
  An ooze (D:1)
  2 dart slugs (D:1)
  A leopard gecko (D:1)
  5 bats
  2 giant cockroaches
  5 goblins
  5 hobgoblins
  2 frilled lizards (D:2)
  6 kobolds
  4 rats
34 creatures vanquished.

Notes
Turn   | Place    | Note
-------+----------+-------------------------------------------
     0 | D:1      | vineage the Ogre Berserker began the quest for the Orb.
     0 | D:1      | Reached XP level 1. HP: 24/24 MP: 1/1
    79 | D:1      | Reached XP level 2. HP: 19/32 MP: 2/2
   269 | D:1      | Reached XP level 3. HP: 20/40 MP: 3/3
   686 | D:1      | Reached ** piety under Trog
  1015 | D:2      | Noticed Sigmund
  1027 | D:2      | Slain by Sigmund

Vault maps used:
D:1:      dpeg_arrival_solitude
D:2:      tso_altar, first_ration, uniq_jessica, uniq_sigmund

Skill      XL: |  1  2  3 |
---------------+----------+-----
Axes           | 4 |  4.2
Fighting       | |  4.8
Dodging        | |  2.6

Action                   || total
-------------------------++-------
Melee: Hand axe          ||   112
Invok: Berserk           ||     1
       Trog's Hand       ||     1
  Use: Scroll            ||     4
Armor: Animal skin       ||    38
Dodge: Dodged            ||    60
Block: Large shield      ||    35

Table legend:
 A = Spawn XP
 B = Non-spawn XP
 C = Spawn XP percentage of total XP
 D = Spawn monster count
 E = Non-spawn monster count
 F = Spawn count percentage of total count
 G = Total turns spent on level
                    A         B        C        D         E        F      G
               +---------+---------+-------+---------+---------+-------+---------
         Total |       0 |      76 |   0.0 |       0 |      34 |   0.0 |  1027
               +---------+---------+-------+---------+---------+-------+---------
           D:1 |       0 |      47 |   0.0 |       0 |      22 |   0.0 |   808
           D:2 |       0 |      29 |   0.0 |       0 |      12 |   0.0 |   219
               +---------+---------+-------+---------+---------+-------+---------
